 Dungeon Crawl Stone Soup version 0.26.1-2-gb8aa6d0cf2 (webtiles) character file.

Game seed: 4459670498483196845

940 nightchill the Slasher (level 7, -6/55 HPs)
             Began as a Vampire Gladiator on Feb 28, 2021.
             Was an Initiate of Kikubaaqudgha.
             Mangled by Prince Ribbit (17 damage)
             ... on level 5 of the Dungeon.
             The game lasted 00:12:47 (4791 turns).

nightchill the Slasher (Vampire Gladiator)          Turns: 4791, Time: 00:12:47

Health: -6/55      AC:  6    Str: 13    XL:     7   Next: 88%
Magic:  7/7        EV: 13    Int: 13    God:    Kikubaaqudgha [......]
Gold:   120        SH:  0    Dex: 15    Spells: 6/6 levels left

rFire    . . .     SeeInvis +   a - +0 scimitar
rCold    . . .     Faith    .   (no shield)
rNeg     . . .     Spirit   .   x - +0 leather armour
rPois    +         Reflect  .   B - +0 hat
rElec    .         Harm     .   m - +1 cloak {rCorr}
rCorr    +         Rampage  .   (no gloves)
Will     .....                  u - +0 pair of boots
Stlth    +++.......             (no amulet)
HPRegen  0.38/turn              o - ring of wizardry
MPRegen  0.10/turn              A - ring of poison resistance

@: brilliant, about to teleport, berserk cooldown, regenerating quickly, slowed,
very slow
A: fangs 3, see invisible, unbreathing
a: Exsanguinate, Renounce Religion


You were on level 5 of the Dungeon.
You worshipped Kikubaaqudgha.
Kikubaaqudgha was noncommittal.
You visited 2 branches of the dungeon, and saw 6 of its levels.

You collected 120 gold pieces.

Inventory:

Hand Weapons
 a - a +0 scimitar (weapon)
 b - a +0 rapier
 c - a +0 dagger of freezing
 j - a cursed -2 hunting sling
Missiles
 k - 179 stones (quivered)
 r - 6 silver boomerangs
 v - 52 poisoned darts
Armour
 m - a +1 cloak of preservation (worn)
 u - a +0 pair of boots (worn)
 x - a +0 leather armour (worn)
 B - a +0 hat (worn)
Jewellery
 o - a ring of wizardry (left hand)
 A - a ring of poison resistance (right hand)
Wands
 n - a wand of flame (43)
Scrolls
 p - 2 scrolls of remove curse
 q - a scroll of fog {unknown}
 y - a scroll of magic mapping {unknown}
 z - a scroll of enchant armour {unknown}
Potions
 e - 4 potions of attraction
 f - a potion of berserk rage
 l - 2 potions of mutation
 t - a potion of flight


   Skills:
 + Level 4.3 Fighting
 * Level 6.9 Long Blades
 - Level 1.5 Throwing
 - Level 3.2 Dodging
 - Level 6.0 Stealth
 * Level 2.4 Necromancy


You had 6 spell levels left.
You didn't know any spells.
Your spell library was empty.

Dungeon Overview and Level Annotations

Branches:
Dungeon (5/15)             Temple (1/1) D:5

Altars:
Ashenzari
Cheibriados
Dithmenos
Elyvilon
Fedhas
Hepliaklqana
Kikubaaqudgha
Makhleb
Nemelex Xobeh
Okawaru
Qazlal
Ru
Sif Muna
Trog
Uskayaw
Wu Jian
Xom
Yredelemnul
The Shining One

Annotations:
D:3 1 runed translucent door, exclusion: downstairs, Crazy Yiuf
D:4 exclusion: downstairs, Natasha
D:5 Prince Ribbit


Innate Abilities, Weirdness & Mutations

Your natural rate of healing is unusually fast.
You have razor-sharp teeth.
You have supernaturally acute eyesight. (SInv)
You can survive without breathing.


Message History

The throwing net barely misses Prince Ribbit.
Prince Ribbit blinks!
You cannot move.
You feel less wooden.
Your +1 cloak of preservation unmelds from your body.
Your +0 hat unmelds from your body.
Your +0 pair of boots unmelds from your body.
Your +0 leather armour unmelds from your body.
Things that are here:
a +0 flail; a +0 ring mail; a dart slug corpse Throw: 179 stones
Press: ? - help, Q - select action, (/) - cycle Shift-Dir - straight line, f/p - Prince Ribbit
Aim: Prince Ribbit (39% to hit)
Okay, then.
Okay, then.
As you read the scroll labelled POIHEC VELEG, it crumbles to dust.
You feel strangely unstable.
It was a scroll of teleportation.
Prince Ribbit hits you!
You die...
Kikubaaqudgha rasps: "You have failed me!
Welcome... death!"

###### ##....# #...#.####
###########.###....#
#...............##.#
#.#########.###.##.###
#.#..@F......(..##.#.. ###
###.#.####....######....
....###'#l....#.......##........
.......w....####.#.##(##.####.#.
.......<..####8#.#....##.# #.##
..........###.>#.........# #.#.
##........#...8.##...##### #.#.
#........+.....##...## #####.#.
#.......##...........# #.....#.


You could see Prince Ribbit.

Vanquished Creatures
  Grinder (D:5)
  An ice beast (D:5)
  A sky beast (D:4)
  Blork the orc (D:5)
  A howler monkey (D:5)
  A jelly (D:5)
  2 hounds
  3 orc wizards
  An iguana (D:5)
  Natasha (D:4)
  A worker ant (D:4)
  8 gnolls
  An adder (D:2)
  A shadow imp (D:5)
  An ooze (D:4)
  2 adder skeletons
  3 worms
  5 dart slugs
  2 leopard geckos
  6 orcs
  2 giant cockroaches
  6 goblins
  7 hobgoblins
  2 jackals (D:4)
  9 kobolds
  3 quokkas
  2 ball pythons
  6 bats
  5 frilled lizards
  A quokka zombie (D:5)
  6 rats
92 creatures vanquished.

Notes
Turn   | Place    | Note
-------+----------+-------------------------------------------
     0 | D:1      | nightchill the Vampire Gladiator began the quest for the
                  | Orb.
     0 | D:1      | Reached XP level 1. HP: 16/16 MP: 1/1
   124 | D:1      | Reached skill level 1 in Stealth
   124 | D:1      | Reached XP level 2. HP: 22/22 MP: 2/2
   836 | D:2      | Reached XP level 3. HP: 22/27 MP: 3/3
  1192 | D:2      | Found a glowing golden altar of the Shining One.
  1845 | D:3      | Found a runed translucent door.
  1846 | D:3      | Noticed Crazy Yiuf
  1954 | D:3      | Reached XP level 4. HP: 28/34 MP: 4/4
  2273 | D:3      | Found a sacrificial altar of Ru.
  2839 | D:4      | Reached XP level 5. HP: 39/40 MP: 5/5
  3020 | D:4      | Reached skill level 5 in Long Blades
  3114 | D:4      | Noticed Natasha
  3130 | D:4      | Killed Natasha
  3131 | D:4      | Reached XP level 6. HP: 32/47 MP: 6/6
  3610 | D:5      | Entered Level 5 of the Dungeon
  3610 | D:5      | Noticed Prince Ribbit
  3610 | D:5      | Noticed a sky beast
  3645 | D:5      | Noticed Blork the orc
  3671 | D:5      | Killed Blork the orc
  3817 | D:5      | Noticed an ice beast
  3830 | D:5      | Reached skill level 5 in Stealth
  3878 | D:4      | HP: 1/47 [ice beast (12)]
  3915 | D:4      | Noticed Natasha
  4128 | D:5      | Noticed Grinder
  4137 | D:5      | Paralysed by Grinder for 4 turns
  4146 | D:5      | Killed Grinder
  4147 | D:5      | Reached XP level 7. HP: 28/54 MP: 7/7
  4275 | D:5      | Found a staircase to the Ecumenical Temple.
  4297 | Temple   | Entered the Ecumenical Temple
  4396 | Temple   | Became a worshipper of Kikubaaqudgha
  4542 | D:4      | Reached skill level 1 in Necromancy
  4791 | D:5      | Mangled by Prince Ribbit

Illustrated notes

Levels and vault maps discovered:
D:1:      dpeg_arrival_shelter, layout_loops_ring
D:2:      layout_rooms, tso_altar, serial_curves, eino_curves_01, eino_curves_03
D:3:      layout_loops_corners, grunt_ministairs_6,
          nicolae_ru_great_annihilating_truth, uniq_crazy_yiuf_cottage
D:4:      layout_loops_ring, uniq_natasha
D:5:      layout_basic, chequers_temple_overflow_statue_of_worship,
          temple_statues, uniq_prince_ribbit1, uniq_blork_the_orc, uniq_grinder
Temple:   regret_index_temple_mists

Skill      XL: |  1  2  3  4  5  6  7 |
---------------+----------------------+-----
Fighting       | 2 3 4 |  4.3
Stealth        | 1 2 3 4 5 6 |  6.0
Long Blades    | 4 5 6 |  6.9
Necromancy     | 2 |  2.4
Throwing       | |  1.5
Dodging        | |  3.2

Action                   |  1- 3 |  4- 6 |  7- 9 || total
-------------------------+-------+-------+-------++-------
Melee: Long sword        |   113 |   100 |       ||   213
       Bite              |     8 |    21 |     6 ||    35
       Scimitar          |       |    49 |    67 ||   116
Throw: Throwing net      |       |       |     3 ||     3
Evoke: Wand              |       |     1 |       ||     1
  Use: Scroll            |       |     6 |     1 ||     7
       Potion            |       |       |     7 ||     7
 Stab: Sleeping          |     4 |     3 |     2 ||     9
       Paralysed         |       |     1 |       ||     1
Armor: Leather armour    |    32 |    35 |     7 ||    74
       Skin              |       |       |    75 ||    75
Dodge: Dodged            |    92 |    99 |    32 ||   223
       Rpst.: Long sword |    26 |    20 |       ||    46
       Scimitar          |       |    10 |     9 ||    19
